 Dungeon Crawl Stone Soup version 0.24.1-4-ge52af88ad5 (webtiles) character file.

Game seed: 10283493783911734600, levelgen mode: deterministic

636 udunhan the Cudgeler (level 7, 0/54 HPs)
             Began as a Formicid Fighter on Apr 17, 2020.
             Succumbed to Dowan's poison
             ... on level 4 of the Dungeon.
             The game lasted 00:07:06 (4856 turns).

udunhan the Cudgeler (Formicid Fighter)             Turns: 4856, Time: 00:07:06

Health: 0/54       AC: 12    Str: 25 (27) XL:     7   Next: 79%
Magic:  7/7        EV: 11    Int: 12 (13) God:
Gold:   127        SH: 10    Dex: 14 (15) Spells: 6/6 levels left

rFire    . . .     SeeInvis +   a - +0 flail
rCold    . . .     Gourm    .   c - +0 shield
rNeg     . . .     Faith    .   l - +0 plate armour
rPois    .         Spirit   .   (helmet unavailable)
rElec    .         Reflect  .   q - scarf {cloud immunity}
rCorr    .         Harm     .   (no gloves)
MR       .....                  (no boots)
Stlth    ..........             (no amulet)
HPRegen  0.18/turn              (no ring)
MPRegen  0.10/turn              (no ring)

@: mighty, brilliant, agile, lethally poisoned (0 -> -4), invisible
A: permanent stasis, dig shafts and tunnels, four strong arms, antennae 3
a: Dig, Shaft Self


You were on level 4 of the Dungeon.
You were not hungry.

You visited 1 branch of the dungeon, and saw 5 of its levels.

You collected 127 gold pieces.

Inventory:

Hand Weapons
 a - a +0 flail (weapon)
Missiles
 o - 4 boomerangs
 p - 3 poisoned darts (quivered)
Armour
 b - a +0 scale mail
 c - a +0 shield (worn)
 j - a +0 chain mail
 l - a +0 plate armour (worn)
 q - a scarf of cloud immunity (worn)
Scrolls
 e - 3 scrolls of blinking {unknown}
 h - 4 scrolls of teleportation {unknown}
 i - 3 scrolls of remove curse {unknown}
 m - 2 scrolls of random uselessness {unknown}
 s - a scroll of identify {unknown}
Potions
 d - a potion of might
Comestibles
 f - 9 rations {l}


   Skills:
 + Level 4.2 Fighting
 + Level 5.3 Maces & Flails
 + Level 2.1 Throwing
 + Level 5.1 Armour
 - Level 0.5 Dodging
 - Level 5.2 Shields


You had 6 spell levels left.
You didn't know any spells.
Your spell library contained the following spells:

 Spells                   Type           Power        Failure   Level  Hunger
 Summon Small Mammal      Summ           #...         65%         1    ##.....
 Call Imp                 Summ           #.......     77%         2    ###....
 Call Canine Familiar     Summ           #.......     92%         3    ####...
 Summon Guardian Golem    Hex/Summ       #.......     92%         3    ####...
 Summon Ice Beast         Ice/Summ       #.......     99%         4    #####..
 Summon Lightning Spire   Summ/Air       #.......     99%         4    #####..


Dungeon Overview and Level Annotations

Branches:
Dungeon (5/15)
 Temple: D:4-7

Altars:
Nemelex Xobeh


Innate Abilities, Weirdness & Mutations

You cannot be hasted, slowed, berserked, paralysed or teleported.
You can dig through walls and to a lower floor.
Your four strong arms can wield two-handed weapons with a shield.
You have a pair of large antennae on your head. (SInv)


Message History

It was a potion of degeneration.
There was something very wrong with that liquid.
You feel weakened.
You feel dopey.
You feel clumsy.
It was a potion of haste.
Your stasis prevents you from being hasted.
* * * LOW HITPOINT WARNING * * *
You feel sick.
It was a potion of berserk rage.
Your stasis prevents you from going berserk.
* * * LOW HITPOINT WARNING * * *
You feel sick.
It was a potion of brilliance.
You feel clever all of a sudden.
It was a potion of agility.
You feel agile all of a sudden.
* * * LOW HITPOINT WARNING * * *
You feel sick.
It was a potion of invisibility.
You fade into invisibility!
You die...

########## ..(.....#
#.(....# ####......#
..........# ##.....).#
##......#@# ....###.#(#
##.#######.###.#((.((e(.
............##.#########
.......#.......####
.......#...<...#..
..<....#.......#.#
...... #.(.....#.## ..#
#..........#


There were no monsters in sight!

Vanquished Creatures
  Duvessa (D:4)
  Dowan (D:4)
  A scorpion (D:4)
  A crimson imp (D:4)
  A hound (D:5)
  2 orc wizards (D:3)
  An orc priest (D:3)
  Natasha (thrice) (D:3)
  A worker ant (D:4)
  6 adders
  2 oozes (D:2)
  4 worms
  4 dart slugs
  4 leopard geckos
  14 orcs
  8 bats
  A giant cockroach (D:1)
  9 hobgoblins
  3 quokkas (D:3)
  2 ball pythons (D:2)
  3 frilled lizards
  3 goblins
  9 kobolds
  9 rats
93 creatures vanquished.

Notes
Turn   | Place    | Note
-------+----------+-------------------------------------------
     0 | D:1      | udunhan the Formicid Fighter began the quest for the Orb.
     0 | D:1      | Reached XP level 1. HP: 18/18 MP: 1/1
   217 | D:1      | Found a sparkling altar of Nemelex Xobeh.
   237 | D:1      | Reached XP level 2. HP: 21/24 MP: 2/2
   625 | D:1      | Reached XP level 3. HP: 27/29 MP: 3/3
  1216 | D:2      | Reached XP level 4. HP: 35/35 MP: 4/4
  1641 | D:3      | You fall into a shaft and drop 2 floors!
  1641 | D:5      | Entered Level 5 of the Dungeon
  1652 | D:5      | Reached XP level 5. HP: 42/42 MP: 5/5
  1696 | D:4      | Reached skill level 5 in Shields
  2104 | D:3      | Reached XP level 6. HP: 8/48 MP: 6/6
  3524 | D:3      | Noticed Natasha
  3531 | D:3      | Killed Natasha
  3808 | D:3      | Noticed Natasha
  3830 | D:3      | Killed Natasha
  3946 | D:3      | Noticed Natasha
  3953 | D:3      | Killed Natasha
  4144 | D:3      | Reached XP level 7. HP: 15/54 MP: 7/7
  4698 | D:4      | Reached skill level 1 in Throwing
  4821 | D:4      | Noticed Duvessa
  4822 | D:4      | Noticed Dowan
  4833 | D:4      | Killed Duvessa
  4833 | D:4      | Reached skill level 5 in Maces & Flails
  4833 | D:4      | Reached skill level 5 in Armour
  4850 | D:4      | Killed Dowan
  4852 | D:4      | HP: 2/54 [poisoned by Dowan]
  4856 | D:4      | Succumbed to Dowan's poison

Levels and vault maps discovered:
D:1:      dpeg_arrival_subterranean_lakeside_camping, layout_rooms,
          minmay_stone_trees_small, nemelex_diamond_rough_becter
D:2:      layout_rooms
D:3:      layout_basic, uniq_natasha
D:4:      layout_basic, uniq_blork_the_orc, uniq_duvessa, uniq_ijyb
D:5:      layout_loops_ring, minmay_temple_entry_mini_moons, enter_ossuary_4,
          first_ration

Skill      XL: |  1  2  3  4  5  6  7 |
---------------+----------------------+-----
Shields        | 4 5 |  5.2
Maces & Flails | 3 4 5 |  5.3
Armour         | 4 5 |  5.1
Fighting       | 4 |  4.2
Throwing       | 2 |  2.1
Dodging        | |  0.5

Action                   |  1- 3 |  4- 6 |  7- 9 || total
-------------------------+-------+-------+-------++-------
Melee: Flail             |   138 |   268 |    46 ||   452
Throw: Dart              |       |    18 |    29 ||    47
  Use: Potion            |       |     1 |     9 ||    10
  Eat: Chunk             |     1 |     9 |     3 ||    13
Armor: Scale mail        |    69 |       |       ||    69
       Chain mail        |     2 |    15 |       ||    17
       Plate armour      |       |   113 |    20 ||   133
Dodge: Dodged            |    53 |    53 |     9 ||   115
Block: Shield            |    84 |   146 |    28 ||   258
